 Dungeon Crawl Stone Soup version 0.19.0 (webtiles) character file.

91 CanadianGator the Chopper (level 4, -3/41 HPs)
             Began as a Minotaur Berserker on Nov 10, 2016.
             Was a Believer of Trog.
             Killed from afar by Sigmund (9 damage)
             ... with a magic dart
             ... on level 3 of the Dungeon.
             The game lasted 00:08:37 (2472 turns).

CanadianGator the Chopper (Minotaur Berserker)      Turns: 2472, Time: 00:08:37

Health: -3/41      AC: 14    Str: 23    XL:     4   Next: 33%
Magic:  3/3        EV:  4    Int:  4    God:    Trog [**....]
Gold:   127        SH:  0    Dex:  9    Spells: 0 memorised, 3 levels left

rFire  . . .     SeeInvis .     a - +1 hand axe
rCold  . . .     Gourm    .     b - +0 plate armour
rNeg   . . .     Faith    .     (no shield)
rPois  .         Spirit   .     (helmet restricted)
rElec  .         Reflect  +     f - +2 cloak
rCorr  .         Harm     .     (no gloves)
MR     ++...                    (no boots)
Stlth  ..........               h - +5 amulet of reflection
                                (no ring)
                                (no ring)

@: held, regenerating
A: retaliatory headbutt, horns 2
a: Berserk, Trog's Hand, Burn Spellbooks, Renounce Religion


You were on level 3 of the Dungeon.
You worshipped Trog.
Trog was pleased with you.
You were very hungry.

You visited 1 branch of the dungeon, and saw 3 of its levels.

You collected 127 gold pieces.

Inventory:

Hand Weapons
 a - a +1 hand axe (weapon)
 l - a +0 hunting sling
Missiles
 m - 24 sling bullets
Armour
 b - a +0 plate armour (worn)
 f - a +2 cloak (worn)
 n - a +1 scale mail
Jewellery
 h - a +5 amulet of reflection (around neck)
Scrolls
 d - 5 scrolls of remove curse
 o - 2 scrolls of identify
Potions
 e - a potion of berserk rage
Comestibles
 c - 2 bread rations
 i - 2 fruits
 k - a beef jerky


   Skills:
 * Level 4.5 Fighting
 * Level 4.9 Axes
 * Level 3.3 Armour
 + Level 2.4 Dodging


You had 3 spell levels left.
You didn't know any spells.

Dungeon Overview and Level Annotations

Branches:
Dungeon (3/15)

Altars:
Dithmenos
Yredelemnul

Annotations:
D:3 Robin, Sigmund


Innate Abilities, Weirdness & Mutations

You reflexively headbutt those who attack you in melee.
You have a pair of horns on your head.


Message History

Sigmund points at you and mumbles some strange words.
The puff of flame hits you!
* * * LOW HITPOINT WARNING * * *
There is a web here.
Sigmund gestures at you while chanting. The puff of flame hits you!
You start eating one of the 3 fruits.
You are feeling very hungry.
Mmmm...
Yummy watermelon.
You are caught in the web!
Sigmund gestures wildly while chanting.
Sigmund flickers and vanishes!
There is a web here.
Okay, then.
Your skin crawls.
You feel resistant to hostile enchantments.
You feel somewhat more hungry.
A magic dart appears from out of thin air!
The magic dart hits you!
You die...

##### #^#.## #^.^.####
#_.^.'..# #.@.{##.#
#.#^###.######
#######......# ##########
###>....#.# #...†....#
##.g######.# #.<......#
#..{.# .#
#........###.##§## ##.#
.............#.#§§§###..#
###........#..#.#§#§##.#


There were no monsters in sight!

Vanquished Creatures
  2 adders (D:2)
  A dart slug (D:1)
  2 leopard geckos (D:2)
  4 giant cockroaches
  14 goblins
  9 hobgoblins
  2 jackals (D:2)
  6 kobolds
  2 quokkas
  A ball python (D:1)
  6 bats
  3 frilled lizards
  10 rats
  A spectral orc (D:3)
63 creatures vanquished.

Notes
Turn   | Place    | Note
-------+----------+-------------------------------------------
     0 | D:1      | CanadianGator the Minotaur Berserker began the quest for the Orb.
     0 | D:1      | Reached XP level 1. HP: 19/19 MP: 0/0
   393 | D:1      | Reached XP level 2. HP: 24/27 MP: 1/1
  1596 | D:2      | Reached XP level 3. HP: 16/33 MP: 2/2
  1809 | D:2      | Reached ** piety under Trog
  2183 | D:2      | Reached XP level 4. HP: 41/41 MP: 3/3
  2353 | D:3      | Found a shadowy altar of Dithmenos.
  2384 | D:3      | Noticed Robin
  2393 | D:3      | Noticed Sigmund
  2460 | D:3      | Found a basalt altar of Yredelemnul.
  2472 | D:3      | Killed from afar by Sigmund

Skill      XL: |  1  2  3 |
---------------+----------+-----
Fighting       | 4 |  4.5
Axes           | 4 |  4.9
Armour         | 3 |  3.3
Dodging        | |  2.4

Action                   |  1- 3 |  4- 6 || total
-------------------------+-------+-------++-------
Melee: Hand axe          |    91 |    28 ||   119
       Headbutt          |    14 |     3 ||    17
 Fire: Hunting sling     |     2 |       ||     2
Invok: Trog's Hand       |       |     1 ||     1
  Use: Scroll            |     4 |     1 ||     5
       Potion            |       |     1 ||     1
  Eat: Chunk             |     3 |       ||     3
       Fruit             |       |     1 ||     1
Armor: Ring mail         |     7 |       ||     7
       Animal skin       |     1 |       ||     1
       Plate armour      |    41 |    39 ||    80
       Scale mail        |     1 |       ||     1
Dodge: Dodged            |    43 |    15 ||    58
Block: Other             |    19 |     9 ||    28
       Reflection        |     2 |       ||     2
